 Dungeon Crawl Stone Soup version 0.18.1-48-g4cf74bf (webtiles) character file.

19 Inkary the Digger (level 2, 15/15 HPs)
             Began as a Gargoyle Earth Elementalist on Aug 31, 2016.
             Quit the game on level 1 of the Dungeon.
             The game lasted 00:02:20 (333 turns).

Inkary the Digger (Gargoyle Earth Elementalist)      Turns: 333, Time: 00:02:20

Health: 15/15      AC:  4    Str: 11    XL:     2   Next: 75%
Magic:  2/5        EV: 12    Int: 15    God:
Gold:   10         SH:  0    Dex: 10    Spells: 1 memorised, 4 levels left

rFire  . . .     SeeInvis .     e - +3 spear (flame)
rCold  . . .     Gourm    .     a - +0 robe
rNeg   + . .     Faith    .     (no shield)
rPois  ∞         Spirit   .     (no helmet)
rElec  +         Dismiss  .     (no cloak)
rCorr  .         Reflect  .     (no gloves)
SustAt .         Harm     .     (no boots)
MR     .....                    (no amulet)
Stlth  ++........               (no ring)
                                (no ring)

@: not resistant to hostile enchantments, unstealthy
A: negative energy resistance 1, electricity resistance, unbreathing,
petrification resistance, rot immunity, AC +2
a: no special abilities


You were on level 1 of the Dungeon.
You were not hungry.

You visited 1 branch of the dungeon, and saw 1 of its levels.

You collected 10 gold pieces.

Inventory:

Hand Weapons
 e - a +3 spear of flaming (weapon)
Missiles
 b - 32 stones (quivered)
Armour
 a - a +0 robe (worn)
Scrolls
 f - a scroll of fog {unknown}
 h - 2 scrolls of remove curse {unknown}
Potions
 k - a potion of lignification {unknown}
 l - a potion of resistance {unknown}
Books
 c - a book of Geomancy

   Spells                             Type                      Level
   a - Sandblast                      Earth                        1
   b - Passwall                       Transmutation/Earth          2
   c - Stone Arrow                    Conjuration/Earth            3
   d - Petrify                        Transmutation/Earth          4
   e - Lee's Rapid Deconstruction     Earth                        5
Comestibles
 d - a bread ration
 g - a royal jelly
 i - 2 beef jerkies
 j - a meat ration
 m - 4 chunks of flesh


   Skills:
 + Level 1.9 Dodging
 + Level 2.5 Stealth
 + Level 2.1 Spellcasting
   Level 0.7 Transmutations
 + Level 4.1 Earth Magic


You had 4 spell levels left.
You knew the following spells:

 Your Spells              Type           Power        Failure   Level  Hunger
a - Sandblast             Erth           ##....       4%          1    #......


Dungeon Overview and Level Annotations

Branches:
Dungeon (1/15)

Altars:


Innate Abilities, Weirdness & Mutations

You are resistant to torment.
Your stone body is resilient (AC +2).
You are immune to poison.
You resist negative energy.
You are resistant to electric shocks.
You can survive without breathing.
You are immune to petrification.
You are immune to rotting.


Message History

Aiming: Sandblast
Press: ? - help, Shift-Dir - straight line, f/p - goblin
Aim: a goblin, wielding a dagger (moderately wounded)
The blast of sand hits the goblin.
The goblin is severely wounded.
The goblin barely misses you.
Casting: Sandblast
Confirm with . or Enter, or press ? or * to list all spells.
Aiming: Sandblast
Press: ? - help, Shift-Dir - straight line, f/p - goblin
Aim: a goblin, wielding a dagger (severely wounded)
The blast of sand hits the goblin.
You kill the goblin!
Things that are here:
a dagger; a goblin corpse; a hobgoblin corpse Butcher a goblin corpse? [(y)es/(c)hoosy/(n)o/(a)ll/(e)dible/(q)uit/?]
Okay, then.
Quiver which item? (- for none, * to show all) (? for menu, Esc to quit)
Okay, then.
Are you sure you want to abandon this character and quit the game? (Confirm with "yes".)

#..............#
#..............#
#.......#########
#####...........#
#...........#
#...........#
#...........#
#...........#
#.......@...#
#...(.......#
#...........#
#...........#
#...........#
#...........#
...........#
#+##########


There were no monsters in sight!

Vanquished Creatures
  A dart slug (D:1)
  A ball python (D:1)
  A giant cockroach (D:1)
  3 goblins (D:1)
  4 hobgoblins (D:1)
  3 kobolds (D:1)
  2 rats (D:1)
15 creatures vanquished.

Notes
Turn   | Place    | Note
--------------------------------------------------------------
     0 | D:1      | Inkary the Gargoyle Earth Elementalist began the quest for the Orb.
     0 | D:1      | Reached XP level 1. HP: 10/10 MP: 3/3
   211 | D:1      | Reached XP level 2. HP: 15/15 MP: 5/5
   255 | D:1      | Reached skill level 4 in Earth Magic
   333 | D:1      | Quit the game

Skill      XL: |  1  2 |
---------------+-------+-----
Earth Magic    | 4 |  4.1
Dodging        | |  1.9
Stealth        | |  2.5
Spellcasting   | |  2.1
Transmutations | |  0.7

Action                   || total
-------------------------++-------
Melee: Spear             ||    25
 Cast: Sandblast         ||     7
 Stab: Sleeping          ||     4
Armor: Robe              ||     3
Dodge: Dodged            ||    12
